 Dungeon Crawl Stone Soup version 0.24.0-125-gc4c63601f3 (webtiles) character file.

Game seed: 18127206953090036486, levelgen mode: deterministic

356 Divind the Shield-Bearer (level 6, -4/48 HPs)
             Began as a Formicid Fighter on Mar 6, 2020.
             Killed by divine providence
             ... invoked by an orc priest
              (15 damage)
             ... on level 4 of the Dungeon.
             The game lasted 00:06:29 (3397 turns).

Divind the Shield-Bearer (Formicid Fighter)         Turns: 3397, Time: 00:06:30

Health: -4/48      AC:  7    Str: 23    XL:     6   Next: 96%
Magic:  6/6        EV:  9    Int: 10    God:
Gold:   262        SH: 10    Dex: 10    Spells: 5/5 levels left

rFire    . . .     SeeInvis +   a - +0 long sword
rCold    . . .     Gourm    .   c - +0 shield
rNeg     . . .     Faith    .   b - +0 scale mail
rPois    .         Spirit   .   (helmet unavailable)
rElec    .         Reflect  .   m - scarf {repulsion}
rCorr    .         Harm     .   (no gloves)
MR       .....                  (no boots)
Stlth    ..........             (no amulet)
HPRegen  0.16/turn              s - ring of flight
MPRegen  0.10/turn              t - +3 ring of intelligence

@: lethally poisoned (-4 -> -6), repel missiles
A: permanent stasis, dig shafts and tunnels, four strong arms, antennae 3
a: Dig, Shaft Self, Evoke Flight


You were on level 4 of the Dungeon.
You were not hungry.

You visited 1 branch of the dungeon, and saw 4 of its levels.
You also visited: Sewer.

You collected 262 gold pieces.

Inventory:

Hand Weapons
 a - a +0 long sword (weapon)
Armour
 b - a +0 scale mail (worn)
 c - a +0 shield (worn)
 m - a scarf of repulsion (worn)
Jewellery
 s - a ring of flight (left hand)
 t - a +3 ring of intelligence (right hand)
Wands
 v - a wand of iceblast (6)
Scrolls
 e - 2 scrolls of enchant weapon {unknown}
 i - 6 scrolls of identify {unknown}
 j - 4 scrolls of teleportation {unknown}
 n - a scroll of amnesia {unknown}
 o - a scroll of immolation {unknown}
 p - 2 scrolls of fog {unknown}
 q - 2 scrolls of fear {unknown}
 w - a scroll of magic mapping {unknown}
Potions
 d - a potion of might
 g - 2 potions of cancellation {unknown}
 h - a potion of ambrosia {unknown}
 k - 5 potions of flight {unknown}
 l - a potion of brilliance {unknown}
 r - 2 potions of haste {unknown}
 u - a potion of curing {unknown}
 x - 2 potions of heal wounds {unknown}
Comestibles
 f - 12 rations


   Skills:
 + Level 4.0 Fighting
 + Level 4.1 Long Blades
 + Level 5.0 Armour
 + Level 1.1 Dodging
 + Level 0.4 Stealth
 + Level 5.1 Shields


You had 5 spell levels left.
You didn't know any spells.
Your spell library was empty.

Dungeon Overview and Level Annotations

Branches:
Dungeon (4/15)              Sewer (visited)
 Temple: D:4-7

Altars:
Nemelex Xobeh


Innate Abilities, Weirdness & Mutations

You cannot be hasted, slowed, berserked, paralysed or teleported.
You can dig through walls and to a lower floor.
Your four strong arms can wield two-handed weapons with a shield.
You have a pair of large antennae on your head. (SInv)


Message History

You closely miss the orc wizard.
The orc wizard is heavily wounded.
You feel sick. You block the orc wizard's attack.
You hit the orc wizard but do no damage.
The orc wizard is heavily wounded.
The orc wizard points at you and mumbles some strange words.
The puff of flame misses you.
You hit the orc wizard but do no damage.
The orc wizard is heavily wounded.
You feel sick.
The orc wizard points at you and mumbles some strange words.
The magic dart hits you.
* * * LOW HITPOINT WARNING * * *
The orc priest casts a cantrip, but nothing happens.
The orc wizard gestures at you while chanting.
The puff of flame hits the orc wizard!
The orc wizard dies!
The orc priest invokes the aid of Beogh against you.
Beogh smites you!
You die...

#..........
#..........
#..........
#..........
##..........
######......(....
......{#.........
####oo........
#..@o#########
###.#### ##...#
#..### #.## #.#
##.# ##..# #..##


You could see an orc priest, an orc wizard (invisible) and an orc.

Vanquished Creatures
  A big kobold (Sewer)
  A bullfrog (D:3)
  2 orc wizards (D:3)
  A gnoll (D:1)
  6 adders
  3 oozes (Sewer)
  3 worms
  2 dart slugs (D:1)
  A leopard gecko (D:1)
  5 orcs (D:3)
  A bat (D:3)
  A giant cockroach (D:3)
  7 hobgoblins
  2 jackals (D:4)
  7 kobolds
  A quokka (D:3)
  5 ball pythons
  5 frilled lizards
  9 goblins
  8 rats
71 creatures vanquished.

Vanquished Creatures (others)
  An orc wizard (D:4)
  4 toadstools (D:3)
5 creatures vanquished.

Grand Total: 76 creatures vanquished

Notes
Turn   | Place    | Note
-------+----------+-------------------------------------------
     0 | D:1      | Divind the Formicid Fighter began the quest for the Orb.
     0 | D:1      | Reached XP level 1. HP: 18/18 MP: 1/1
   354 | D:1      | Reached XP level 2. HP: 6/24 MP: 2/2
   754 | D:1      | Reached XP level 3. HP: 26/29 MP: 3/3
  1361 | D:2      | Found a sparkling altar of Nemelex Xobeh.
  1472 | D:2      | Reached XP level 4. HP: 24/35 MP: 4/4
  1763 | D:3      | Noticed a bullfrog
  1780 | D:3      | Killed a bullfrog
  1780 | D:3      | Reached XP level 5. HP: 22/42 MP: 5/5
  1861 | D:3      | Reached XP level 6. HP: 26/48 MP: 6/6
  2081 | D:3      | Found a glowing drain.
  2103 | Sewer    | Entered a sewer
  2679 | Sewer    | Reached skill level 1 in Dodging
  2679 | Sewer    | Reached skill level 5 in Shields
  3083 | D:3      | Found a faded altar of an unknown god.
  3233 | D:3      | Reached skill level 5 in Armour
  3397 | D:4      | Killed from afar by an orc priest

Levels and vault maps discovered:
D:1:      minmay_arrival_nine_rooms, layout_basic, minmay_heptomino_w4
D:2:      layout_basic, nemelex_xobeh_ov_fountains_minmay
D:3:      layout_basic, chequers_ecumenical_altar_simple_redux,
          cheibrodos_sewer_entry_bend, minmay_gold_behind_fungi,
          minmay_goblin_outpost
D:4:      layout_rooms, serial_forest, infiniplex_forest_lined_3_way,
          infiniplex_forest_clump_curved, infiniplex_forest_clump_small,
          infiniplex_forest_3_way, infiniplex_forest_clump_medium,
          infiniplex_forest_straight_2, infiniplex_forest_lined_corner,
          infiniplex_forest_clump_long, first_ration, ashenzari_altar_1

Skill      XL: |  1  2  3  4  5  6 |
---------------+-------------------+-----
Armour         | 4 5 |  5.0
Shields        | 4 5 |  5.1
Long Blades    | 3 4 |  4.1
Fighting       | 4 |  4.0
Dodging        | 1 |  1.1
Stealth        | |  0.4

Action                   |  1- 3 |  4- 6 || total
-------------------------+-------+-------++-------
Melee: Long sword        |    82 |   238 ||   320
 Abil: Dig               |       |     3 ||     3
  Eat: Chunk             |     2 |     4 ||     6
       Ration            |       |     1 ||     1
Armor: Scale mail        |    27 |    69 ||    96
Dodge: Dodged            |    28 |    73 ||   101
       Deflected         |       |     6 ||     6
Block: Shield            |    39 |   119 ||   158
       Rpst.: Long sword |     9 |    22 ||    31
